 Dungeon Crawl Stone Soup version 0.29.1-14-g9c671dbff4 (webtiles) character file.

Game seed: 4021544888688503822

269 theswoord the Cudgeller (level 6, 0/44 HPs)
             Began as a Demonspawn Gladiator on Feb 12, 2023.
             Killed from afar by an orc wizard (9 damage)
             ... with a magic dart
             ... on level 3 of the Dungeon on Feb 13, 2023.
             The game lasted 00:05:37 (3324 turns).

theswoord the Cudgeller (Demonspawn Gladiator)      Turns: 3324, Time: 00:05:38

Health: 0/44       AC:  8    Str: 16    XL:     6   Next: 1%
Magic:  6/6        EV:  7    Int: 10    God:
Gold:   82         SH:  0    Dex: 14    Spells: 5/5 levels left

rFire   . . .      SeeInvis .   f - +0 whip
rCold   . . .      Faith    .   (no shield)
rNeg    . . .      Spirit   .   g - +0 chain mail
rPois   .          Reflect  .   (helmet restricted)
rElec   .          Harm     .   (no cloak)
rCorr   .          Rampage  .   (no gloves)
Will    .....                   (no boots)
Stlth   ..........              (no amulet)
HPRegen 0.14/turn               (no ring)
MPRegen 0.10/turn               (no ring)

@: no status effects
A: hooves 2, horns 1, demonic guardian 1
a: no special abilities


You were on level 3 of the Dungeon.
You visited 1 branch of the dungeon, and saw 3 of its levels.

You collected 82 gold pieces.

Inventory:

Hand Weapons
 a - a +0 flail
 f - a +0 whip (weapon)
Missiles
 d - 3 throwing nets (quivered)
 e - a javelin
Armour
 b - a +0 leather armour
 c - a +0 helmet
 g - a +0 chain mail (worn)
 i - a +1 cloak
 k - a +0 cloak
Scrolls
 j - a scroll of teleportation {unknown}
 l - 4 scrolls of identify
 r - a scroll of enchant armour {unknown}
 v - 2 scrolls of noise {unknown}
Potions
 h - a potion of invisibility {unknown}
 m - a potion of berserk rage {unknown}
 n - a potion of attraction {unknown}
 o - a potion of flight {unknown}
 p - a potion of ambrosia {unknown}
 q - a potion of curing
 s - a potion of heal wounds {unknown}
 t - a potion of degeneration {unknown}
 u - a potion of mutation {unknown}


   Skills:
 - Level 2.0 Fighting
 + Level 6.2 Maces & Flails
 - Level 1.7 Throwing
 - Level 2.6 Dodging


You had 5 spell levels left.
You didn't know any spells.
Your spell library contained the following spells:

 Spells                   Type           Power      Damage    Failure   Level
 Magic Dart               Conj           0%         1d3       100%        1
 Call Imp                 Summ           0%         N/A       100%        2
 Mephitic Cloud           Conj/Pois/Air  0%         N/A       100%        3


Dungeon Overview and Level Annotations

Branches:
Dungeon (3/15)

Altars:
Gozag
Qazlal
Wu Jian
Xom
Yredelemnul

Shops:
D:3 :[(!*

Annotations:
D:3 1 runed translucent door


Innate Abilities, Weirdness & Mutations

You have hoof-like feet.
You have a pair of small horns on your head.
A weak demonic guardian rushes to your aid.


Message History

Something hits you but does no damage.
You barely miss something. Your kick misses something.
Your headbutt misses something. Something hits you but does no damage.
You hit something but do no damage. You hit something.
Your kick misses something. Something hits you but does no damage.
You hit something. You headbutt something.
Something hits you but does no damage.
You closely miss something. Something hits you but does no damage.
You barely miss something. Something hits you but does no damage.
You miss something. Your headbutt misses something. You hit something.
Your kick misses something. Something hits you.
* * * LOW HITPOINT WARNING * * *
You closely miss something. You kick something. You headbutt something.
You hear some strange, mumbled words.
You are confused.
Something hits you but does no damage.
Things that are here:
a +0 flail; a jackal corpse You bump into the rock wall.
Something hits you but does no damage. Something hits you.
* * * LOW HITPOINT WARNING * * *
Something hits you but does no damage.
Things that are here:
a +0 flail; a jackal corpse You nearly stumble into some deep water!
Something hits you but does no damage.
You closely miss something. Your kick misses something. Something hits you.
* * * LOW HITPOINT WARNING * * *
You nearly stumble into some deep water!
You hear some strange, mumbled words.
A magic dart appears from out of thin air!
The magic dart hits you.
* * * LOW HITPOINT WARNING * * *
You bump into the rock wall.
You feel less confused.
You hear some strange, mumbled words.
A magic dart appears from out of thin air!
The magic dart hits you!
You die...

#........#
#...####.#
#..∩# #.# #...#
#.# ####...#
#.#### .......#
#....###
.......#
####...#
.......#
###)####
.......#
##@{..###
.......#
###≈≈...≈≈###
......##
#≈≈≈≈...≈≈≈≈#
......#
≈≈≈≈≈##'''##≈≈≈
......#
≈≈≈≈≈≈#.)...#
≈≈ ......#
≈.....#)....# .
......# .....
#.....# ......#
..##' #.....#
......# #.....#


There were no monsters in sight!

Vanquished Creatures
  Sigmund (D:2)
  2 adders (D:3)
  4 gnolls (D:3)
  2 worms (D:3)
  A dart slug (D:1)
  5 orcs (D:3)
  3 bats
  5 endoplasms
  4 goblins
  4 hobgoblins
  2 jackals (D:3)
  3 quokkas (D:2)
  7 ball pythons
  3 frilled lizards
  A goblin zombie (D:3)
  A jackal skeleton (D:3)
  2 kobolds
  2 rats
52 creatures vanquished.

Vanquished Creatures (others)
  24 plants (D:3)
24 creatures vanquished.

Grand Total: 76 creatures vanquished

Notes
Turn   | Place    | Note
-------+----------+-------------------------------------------
     0 | D:1      | theswoord the Demonspawn Gladiator began the quest for the
                  | Orb.
     0 | D:1      | Reached XP level 1. HP: 16/16 MP: 1/1
   187 | D:1      | Reached skill level 3 in Maces & Flails
   621 | D:1      | Discovered your monstrous ancestry.
   621 | D:1      | Gained mutation: You have large cloven feet. [demonic
                  | ancestry]
   621 | D:1      | Reached XP level 2. HP: 13/22 MP: 2/2
  1549 | D:2      | Noticed Sigmund
  1565 | D:2      | Killed Sigmund
  1566 | D:2      | Reached skill level 5 in Maces & Flails
  1566 | D:2      | Reached XP level 3. HP: 4/27 MP: 3/3
  1566 | D:2      | Gained mutation: You have a pair of small horns on your
                  | head. [demonic ancestry]
  1566 | D:2      | Reached XP level 4. HP: 5/33 MP: 4/4
  1566 | D:2      | Gained mutation: You have hoof-like feet. [demonic
                  | ancestry]
  1566 | D:2      | Reached XP level 5. HP: 6/38 MP: 5/5
  2202 | D:3      | Found Cios's Antique Armour Shoppe.
  2203 | D:3      | Found Upykanog's Distillery.
  2205 | D:3      | Noticed a human
  2241 | D:3      | Found a runed translucent door.
  2258 | D:3      | Found Ebulug's Book Emporium.
  2476 | D:3      | Reached skill level 6 in Maces & Flails
  2647 | D:3      | Found a basalt altar of Yredelemnul.
  2714 | D:3      | Found Ziopyoll's Assorted Antiques.
  2752 | D:3      | Found an opulent altar of Gozag.
  2790 | D:3      | Found Jiula's Antique Weapon Boutique.
  2831 | D:3      | Found a hide-covered altar of Uskayaw.
  2834 | D:3      | Found an opulent altar of Gozag.
  2834 | D:3      | Found a basalt altar of Yredelemnul.
  2952 | D:3      | Found a stormy altar of Qazlal.
  2952 | D:3      | Found a shimmering altar of Xom.
  2952 | D:3      | Found an ornate altar of the Wu Jian Council.
  3292 | D:3      | Gained mutation: A weak demonic guardian rushes to your
                  | aid. [demonic ancestry]
  3292 | D:3      | Reached XP level 6. HP: 32/44 MP: 6/6
  3324 | D:3      | Killed from afar by an orc wizard

Skill      XL: |  1  2  3  4  5 |
---------------+----------------+-----
Maces & Flails | 3 5 6 |  6.2
Fighting       | |  2.0
Throwing       | |  1.7
Dodging        | |  2.6

Action                   |  1- 3 |  4- 6 || total
-------------------------+-------+-------++-------
Melee: Whip              |    63 |   116 ||   179
       Flail             |     3 |       ||     3
       Kick              |     8 |    29 ||    37
       Punch             |     1 |     2 ||     3
       Headbutt          |       |    22 ||    22
  Use: Potion            |     2 |       ||     2
       Scroll            |     1 |       ||     1
Armor: Chain mail        |    30 |    48 ||    78
Dodge: Dodged            |    27 |    31 ||    58

Levels and vault maps discovered:
D:1:      saegor_arrival_simple_a, layout_loops_corners
D:2:      layout_basic, uniq_sigmund
D:3:      kennysheep_goblin_castle, layout_loops_ring,
          mainiacjoe_overflow_chevrons, dk_yredelemnul_ordeal,
          doesnt_xom_only_xom, serial_shops, shop, shop, shop_fountains,
          nicolae_shop_crystal, shop
